 Dungeon Crawl Stone Soup version 0.30-a0-1016-gfb0d676c02 (webtiles) character file.

Game seed: 13469407736866293122

26040 juan097 the Nimble (level 12, -13/57 HPs)
             Began as a Felid Conjurer on Apr 6, 2023.
             Was an Elder of Vehumet.
             Mangled by a polar bear (40 damage)
             ... on level 4 of the Lair of Beasts.
             The game lasted 01:47:18 (22304 turns).

juan097 the Nimble (Felid Conjurer)                Turns: 22304, Time: 01:47:19

Health: -13/57     AC:  3    Str:  3    XL:     12   Next: 94%
Magic:  18/25      EV:  4    Int: 27    God:    Vehumet [****..]
Gold:   1663       SH:  0    Dex: 18    Spells: 2/27 levels left
                                        Lives:  0   Deaths: 3

rFire   . . .      SeeInvis +      - Unarmed
rCold   + . .      Faith    +    (shield unavailable)
rNeg    . . .      Spirit   .    (body armour unavailable)
rPois   +          Reflect  .    (helmet unavailable)
rElec   .          Rampage  .    (cloak unavailable)
rCorr   .                        (gloves unavailable)
Will    +....                    (boots unavailable)
Stlth   +++++                    y - amulet of faith
HPRegen 0.29/turn                C - ring of poison resistance
MPRegen 0.19/turn                s - +6 ring of intelligence {=R}

@: sleeping, quick
A: very small, claws 1, fangs 3, see invisible, speed 1, shaggy fur 3, stealthy
paws, no weapons or thrown items, no armour, multi-lived
a: Renounce Religion


You were on level 4 of the Lair of Beasts.
You worshipped Vehumet.
Vehumet was greatly pleased with you.
You visited 2 branches of the dungeon, and saw 14 of its levels.

You collected 1663 gold pieces.

Inventory:

Jewellery
 c - a ring of fire
 r - a ring of ice
 s - a +6 ring of intelligence (right paw) {=R}
 y - an amulet of faith (around neck)
 C - a ring of poison resistance (left paw)
 I - a ring of protection from cold
Wands
 b - a wand of paralysis (5)
 p - a wand of flame (30)
 w - a wand of iceblast (16)
 A - a wand of polymorph (18)
Scrolls
 d - a scroll of fog
 f - 2 scrolls of amnesia
 g - 3 scrolls of teleportation
 n - 3 scrolls of vulnerability {unknown}
 t - a scroll of immolation {unknown}
 u - 4 scrolls of poison {unknown}
 v - 2 scrolls of noise {unknown}
 D - 2 scrolls of summoning
 F - 2 scrolls of brand weapon {unknown}
 G - a scroll of fear {unknown}
 H - a scroll of magic mapping {unknown}
Potions
 a - 3 potions of magic
 h - 2 potions of invisibility {unknown}
 i - a potion of might {unknown}
 j - 3 potions of brilliance
 k - 2 potions of flight
 l - 5 potions of heal wounds
 m - 4 potions of lignification
 o - a potion of cancellation {unknown}
 q - a potion of degeneration {unknown}
 x - 2 potions of haste
 z - a potion of curing
 B - a potion of attraction
 E - a potion of ambrosia
Miscellaneous
 e - a lightning rod (4/4)


   Skills:
 + Level 9.1 Fighting
 + Level 13.1 Dodging
 - Level 10.0 Stealth
 + Level 1.0 Unarmed Combat
 - Level 8.0 Spellcasting
 - Level 8.0 Conjurations
 + Level 10.1 Hexes
 + Level 10.1 Translocations
 - Level 4.0 Transmutations
 - Level 4.0 Fire Magic
 - Level 4.0 Air Magic
 - Level 2.0 Earth Magic
 - Level 4.0 Evocations


You had 2 spell levels left.
You knew the following spells:

 Your Spells              Type           Power      Damage    Failure   Level
a - Stone Arrow           Conj/Erth      74%        3d11      1%          3
b - Inner Flame           Hex/Fire       49%        N/A       1%          3
c - Fulminant Prism       Conj/Hex       28%        3d14      1%          4
d - Searing Ray           Conj           100%       2d8       1%          2
e - Iskenderun's Mystic   Conj/Tloc      56%        2d12      1%          4
f - Swiftness             Air            32%        N/A       3%          3
g - Passwall              Tmut/Erth      22%        N/A       2%          2
h - Sticky Flame          Conj/Fire      43%        2d6       1%          4

Your spell library contained the following spells:

 Spells                   Type           Power      Damage    Failure   Level
 Iskenderun's Battlesphe  Conj           52%        2d10      1%          5
 Magic Dart               Conj           100%       1d8       1%          1
 Shock                    Conj/Air       100%       1d9       1%          1
 Ensorcelled Hibernation  Hex/Ice        76%        N/A       1%          2
 Dazzling Flash           Conj/Hex       100%       N/A       1%          3
 Hailstorm                Conj/Ice       32%        3d8       1%          3
 Manifold Assault         Tloc           60%        N/A       1%          4
 Airstrike                Air            16%        2d(3-19)  2%          4
 Yara's Violent Unravell  Hex/Tmut       24%        3d11      2%          5
 Dispersal                Tloc           30%        N/A       13%         6
 Ozocubu's Armour         Ice            10%        N/A       16%         3
 Summon Forest            Summ/Tloc      19%        N/A       19%         5
 Ice Form                 Ice/Tmut       21%        N/A       22%         4
 Enfeeble                 Hex            30%        N/A       56%         7
 Eringya's Noxious Bog    Tmut/Pois      10%        N/A       63%         6
 Disjunction              Tloc           30%        N/A       99%         8
 Simulacrum               Ice/Necr       5%         N/A       100%        6
 Ozocubu's Refrigeration  Ice            5%         4d8       100%        7
 Summon Hydra             Summ           5%         N/A       100%        7


Dungeon Overview and Level Annotations

Branches:
Dungeon (10/15)            Temple (0/1) D:7            Lair (4/5) D:10
  Swamp (0/4) Lair:2        Snake (0/4) Lair:2
  Slime: Lair:4-5       Orc: D:9-12

Altars:
Ashenzari
Fedhas
Nemelex Xobeh
Okawaru
Qazlal
Vehumet
The Shining One

Shops:
D:8 (

Annotations:
D:2 Sigmund
D:10 3 runed translucent doors, exclusion: gargoyle
Lair:2 Gastronok


Innate Abilities, Weirdness & Mutations

You have sharp claws.
You have razor-sharp teeth.
You have supernaturally acute eyesight. (SInv)
You cover ground quickly. (Speed+)
Your thick and shaggy fur keeps you warm. (AC +3, rC+)
Your paws help you pounce on unaware monsters.
You are incapable of wielding weapons or throwing items.
You cannot wear armour.
You gain extra lives every three experience levels.


Message History

Aim: a yak (severely wounded)
The sticky flame hits the yak!
The yak is almost dead.
The yak is covered in liquid flames!
The yak burns!
You kill the yak!
Vehumet accepts your kill.
You climb upwards.
There is a stone staircase leading down here.
You start resting.
Magic restored.
You climb downwards.
The polar bear bites you! The polar bear misses you.
The polar bear completely misses you.
There is a stone staircase leading up, spattered with blood here.
Casting: Sticky Flame (dangerous; 1% risk of failure)
Confirm with . or Enter, or press ? or * to list all spells.
Aiming: Sticky Flame (dangerous; 1% risk of failure)
Press: ? - help, Shift-Dir - straight line, f - polar bear
Aim: a polar bear The sticky flame hits the polar bear.
The polar bear is lightly wounded.
The polar bear is covered in liquid flames!
The dream sheep bleats!
The polar bear burns!
The polar bear bites you!! The polar bear claws you.
The polar bear closely misses you.
Casting: Sticky Flame (dangerous; 1% risk of failure)
Confirm with . or Enter, or press ? or * to list all spells.
You erupt in a blast of force!
The mystic blast hits the polar bear!
The polar bear is heavily wounded.
The polar bear is knocked back by the mystic blast.
You hear a bleat!
The polar bear burns!
A dream sheep comes into view.
The polar bear burns!
The dream sheep are wreathed in dream dust.
You feel drowsy...
You fall asleep.
You stop ascending the stairs.
The polar bear burns!
The polar bear burns!
The polar bear bites you!!!
Ouch! That really hurt!
You die...

YY...##.....# ####...## ##...##..
PP..†##††...###.#....####......#.
.P..†Y†<.........)...............
.................................
............Y.................^..
...........Y.....................
........###.Y......†.............
.......###.##....................
........ ####...@†...†...........
.......## #P..h.................
....... #......................
..... ........................
.........................
.........................
.........................
.........##P...##$....##
......####....# ...


You could see a polar bear (burning) and 3 dream sheep.

Vanquished Creatures
  Snorg (Lair:4)
  3 hydras
  A two-headed ogre (D:8)
  4 death yaks (Lair:2)
  Pikel (D:8)
  9 elephants
  5 black mambas
  3 torpor snails
  15 cane toads
  4 komodo dragons
  An unseen horror (D:10)
  2 rime drakes
  Prince Ribbit (D:8)
  A polar bear (Lair:3)
  A hornet (D:7)
  23 blink frogs
  6 dream sheep
  A wyvern (Lair:2)
  9 yaks
  2 basilisks
  3 steam dragons
  An acid dragon (D:8)
  3 nagas (Lair:2)
  Menkaure (D:6)
  9 water moccasins
  9 black bears
  3 orc warriors
  A sky beast (D:6)
  9 wolves
  5 centaurs
  2 kobold brigands
  2 lemures (D:8)
  4 scorpions
  11 bullfrogs
  10 killer bees
  5 howler monkeys
  An electric eel (Lair:1)
  A jelly (D:6)
  2 hounds
  6 orc priests
  Ijyb (D:4)
  3 sleepcaps
  5 iguanas
  Natasha (twice) (D:2)
  9 orc wizards
  Robin (D:2)
  4 gnolls (D:4)
  8 adders
  3 shadow imps
  3 white imps
  2 ufetubi (D:5)
  2 worms
  2 dart slugs
  37 orcs
  10 ball pythons
  2 bats
  5 endoplasms
  3 giant cockroaches
  7 goblins
  12 hobgoblins
  8 jackals
  14 kobolds
  2 quokkas
  4 frilled lizards
  4 rats
334 creatures vanquished.

Vanquished Creatures (others)
  2 demonic plants (D:5)
  78 fulminant prisms
  91 fungi
  154 plants
325 creatures vanquished.

Grand Total: 659 creatures vanquished

Notes
Turn   | Place    | Note
-------+----------+-------------------------------------------
     0 | D:1      | juan097 the Felid Conjurer began the quest for the Orb.
     0 | D:1      | Reached XP level 1. HP: 7/7 MP: 4/4
   175 | D:1      | Reached XP level 2. HP: 11/11 MP: 3/6
   290 | D:1      | Learned a level 2 spell: Searing Ray
   979 | D:1      | Reached XP level 3. HP: 14/14 MP: 2/7
  1331 | D:2      | Noticed Sigmund
  1825 | D:2      | Noticed Natasha
  1847 | D:2      | Killed Natasha
  1848 | D:2      | Reached XP level 4. HP: 8/18 MP: 4/9
  1984 | D:2      | Identified the +9 pearl dragon scales "Xenusai" {rElec rC-
                  | rN+ rCorr Dex-5}
  2138 | D:2      | Noticed Robin
  2203 | D:2      | Killed Robin
  2421 | D:2      | Found a faded altar of an unknown god.
  2608 | D:3      | Found a stormy altar of Qazlal.
  2610 | D:3      | Noticed a water elemental
  2613 | D:3      | Noticed an air elemental
  2613 | D:3      | Noticed a fire elemental
  2613 | D:3      | Noticed an earth elemental
  2969 | D:3      | Learned a level 4 spell: Fulminant Prism
  3328 | D:4      | Reached XP level 5. HP: 21/21 MP: 5/10
  3478 | D:4      | Reached skill level 5 in Stealth
  3478 | D:4      | Reached skill level 1 in Hexes
  3566 | D:4      | Learned a level 3 spell: Inner Flame
  3856 | D:4      | Reached skill level 1 in Fire Magic
  3856 | D:4      | Gained mutation: You are covered in thick fur. (AC +2)
                  | [Felid growth]
  3856 | D:4      | Reached XP level 6. HP: 23/24 MP: 5/12
  4377 | D:4      | Noticed Ijyb
  4852 | D:5      | Entered Level 5 of the Dungeon
  5085 | D:5      | Shot with an arrow by a centaur
  5086 | D:5      | Reached XP level 5. HP: 0/21 MP: 4/11
  5116 | D:5      | Killed a centaur
  5117 | D:5      | Reached skill level 5 in Conjurations
  5117 | D:5      | Reached XP level 6. HP: 16/24 MP: 8/12
  5192 | D:5      | Found a radiant altar of Vehumet.
  6321 | D:6      | Reached XP level 7. HP: 27/27 MP: 8/14
  6338 | D:6      | Reached skill level 5 in Hexes
  6529 | D:6      | Found a faded altar of an unknown god.
  6529 | D:6      | Found a broken altar of Ashenzari.
  6537 | D:6      | Found an iron altar of Okawaru.
  6539 | D:6      | Found a faded altar of an unknown god.
  6541 | D:6      | Found a glowing golden altar of the Shining One.
  6541 | D:6      | Noticed Menkaure
  6543 | D:6      | Killed Menkaure
  6626 | D:6      | Reached skill level 3 in Dodging
  7224 | D:5      | Became a worshipper of Vehumet
  7245 | D:7      | Found a staircase to the Ecumenical Temple.
  7258 | D:7      | Reached skill level 1 in Fighting
  7258 | D:7      | Reached XP level 8. HP: 3/32 MP: 6/15
  7417 | D:7      | You fall into a shaft and drop 1 floor!
  7765 | D:8      | Identified the +4 broad axe of Qaej {drain, Fragile rElec
                  | Str+2 Stlth+}
  7940 | D:8      | Found a blossoming altar of Fedhas.
  8155 | D:8      | Reached skill level 4 in Dodging
  8250 | D:8      | Noticed Prince Ribbit
  8423 | D:7      | Noticed a hornet
  8610 | D:4      | Killed Ijyb
  8711 | D:4      | Learned a level 4 spell: Iskenderun's Mystic Blast
  8908 | D:2      | Noticed Natasha
  8915 | D:2      | Killed Natasha
  9238 | D:7      | Reached * piety under Vehumet
  9238 | D:7      | Offered knowledge of Foxfire by Vehumet.
  9592 | D:7      | Reached skill level 1 in Translocations
  9592 | D:7      | Reached XP level 9. HP: 37/37 MP: 11/17
 10037 | D:8      | Killed Prince Ribbit
 10038 | D:8      | Reached skill level 5 in Dodging
 10038 | D:8      | Reached skill level 5 in Spellcasting
 10092 | D:8      | Found a sparkling altar of Nemelex Xobeh.
 10105 | D:8      | Found Cek Luh's Weapon Emporium.
 10110 | D:8      | Noticed Pikel
 10129 | D:8      | HP: 1/37 [Pikel/+0 whip of flaming (9)]
 10129 | D:8      | Slain by Pikel
 10130 | D:8      | Reached XP level 8. HP: -1/34 MP: 3/16
 10140 | D:8      | Killed Pikel
 10386 | D:9      | Noticed a two-headed ogre
 10398 | D:8      | Killed a two-headed ogre
 10399 | D:8      | Reached skill level 6 in Dodging
 10399 | D:8      | Reached XP level 9. HP: 39/39 MP: 8/17
 11074 | D:9      | Identified the +5 long sword of Purpose {flame, rN+ Str+5
                  | Stlth+}
 11196 | D:9      | Offered knowledge of Shock by Vehumet.
 11282 | D:10     | Entered Level 10 of the Dungeon
 11294 | D:10     | Reached ** piety under Vehumet
 11397 | D:10     | Found a runed translucent gate.
 11397 | D:10     | Found a runed translucent gate.
 11397 | D:10     | Found a runed translucent gate.
 11398 | D:10     | Noticed a glowing orange brain
 11399 | D:10     | Noticed a red ugly thing
 11400 | D:10     | Noticed a purple ugly thing
 11401 | D:10     | Noticed a red ugly thing
 11401 | D:10     | Noticed a brown ugly thing
 11600 | D:10     | Found a staircase to the Lair.
 11610 | D:10     | Noticed an unseen horror
 11634 | D:10     | Killed an unseen horror
 11635 | D:10     | Reached skill level 7 in Dodging
 11645 | D:10     | Noticed a komodo dragon
 11743 | D:10     | Killed a komodo dragon
 11744 | D:10     | Reached skill level 5 in Fighting
 11898 | D:10     | Reached XP level 10. HP: 44/44 MP: 10/18
 12177 | D:10     | Learned a level 3 spell: Swiftness
 12245 | D:10     | Identified a scroll of acquirement
 12257 | D:10     | Acquired 816 gold pieces
 12321 | D:10     | Noticed a death drake
 12508 | D:10     | Noticed a gargoyle
 12583 | D:10     | Learned a level 2 spell: Passwall
 12612 | D:10     | Offered knowledge of Momentum Strike by Vehumet.
 13059 | Lair:1   | Entered Level 1 of the Lair of Beasts
 13061 | Lair:1   | Identified the +7 dagger of Wyrd {speed, rF- rN+++ Str+3
                  | Int-2}
 13071 | Lair:1   | Reached skill level 1 in Air Magic
 13237 | Lair:1   | Reached skill level 1 in Transmutations
 13241 | Lair:1   | Noticed a cane toad
 13278 | Lair:1   | Noticed a black mamba
 13291 | Lair:1   | Killed a black mamba
 13292 | Lair:1   | Reached skill level 8 in Dodging
 13292 | Lair:1   | Reached skill level 1 in Earth Magic
 13300 | Lair:1   | Reached skill level 10 in Stealth
 13504 | Lair:1   | Reached *** piety under Vehumet
 13520 | Lair:1   | Noticed a cane toad
 13530 | Lair:1   | Killed a cane toad
 13531 | Lair:1   | Reached skill level 1 in Evocations
 13671 | Lair:1   | Noticed a cane toad
 13682 | Lair:1   | Killed a cane toad
 13682 | Lair:1   | Killed a cane toad
 13726 | Lair:1   | Noticed a black mamba
 13731 | Lair:1   | Killed a black mamba
 14043 | Lair:1   | Reached XP level 11. HP: 48/48 MP: 13/19
 14806 | Lair:1   | Reached skill level 9 in Dodging
 15125 | Lair:2   | Offered knowledge of Sticky Flame by Vehumet.
 15125 | Lair:2   | Killed by an exploding elephant... ignited by their inner
                  | flame
 15126 | Lair:2   | Reached XP level 10. HP: -10/45 MP: 10/18
 15436 | Lair:2   | Killed a cane toad
 15550 | Lair:1   | Reached skill level 10 in Dodging
 15849 | Lair:2   | Noticed a four-headed hydra
 15886 | Lair:2   | Killed a four-headed hydra
 15887 | Lair:2   | Reached XP level 11. HP: 48/48 MP: 5/22
 15984 | Lair:2   | Reached **** piety under Vehumet
 15992 | Lair:1   | Learned a level 4 spell: Sticky Flame
 16129 | Lair:2   | Offered knowledge of Stone Arrow by Vehumet.
 16733 | Lair:2   | Noticed Gastronok
 16898 | Lair:2   | Found a staircase to the Swamp.
 16983 | Lair:2   | Noticed a death yak
 16983 | Lair:2   | Noticed a death yak
 16988 | Lair:2   | Noticed a death yak
 16994 | Lair:2   | Reached skill level 11 in Dodging
 17013 | Lair:2   | Killed a death yak
 17024 | Lair:2   | Killed a death yak
 17249 | Lair:2   | Noticed a death yak
 17258 | Lair:2   | Killed a death yak
 17277 | Lair:2   | Killed a death yak
 17686 | Lair:1   | Learned a level 3 spell: Stone Arrow
 17877 | Lair:3   | Reached skill level 12 in Dodging
 18470 | Lair:2   | Gained mutation: Your thick and shaggy fur keeps you warm.
                  | (AC +3, rC+) [Felid growth]
 18470 | Lair:2   | Reached XP level 12. HP: 55/55 MP: 13/25
 18536 | Lair:2   | Found a staircase to the Snake Pit.
 19736 | Lair:3   | Noticed a four-headed hydra
 19739 | Lair:3   | Killed a four-headed hydra
 20353 | Lair:3   | Reached ***** piety under Vehumet
 20642 | Lair:3   | Offered knowledge of Iskenderun's Battlesphere by Vehumet.
 20925 | Lair:3   | Noticed a four-headed hydra
 21178 | Lair:3   | Killed a four-headed hydra
 21729 | Lair:4   | Noticed Snorg
 21801 | Lair:4   | Killed Snorg
 21802 | Lair:4   | Reached skill level 13 in Dodging
 21953 | Lair:4   | Reached skill level 10 in Hexes
 21974 | Lair:4   | Reached skill level 10 in Translocations
 22179 | Lair:4   | Reached skill level 1 in Unarmed Combat
 22304 | Lair:4   | Mangled by a polar bear

Illustrated notes

Levels and vault maps discovered:
D:1:      ncdulo_lavacross, layout_rooms
D:2:      layout_basic, dilly_ecumenical_altar_fadedgnrine, uniq_robin,
          uniq_sigmund, uniq_natasha
D:3:      layout_basic, nicolae_qazlal_style_of_elements
D:4:      wad_crossroads, layout_rooms, uniq_ijyb
D:5:      layout_gridville, nicolae_vehumet_altar_sigil, serial_demonic,
          serial_demonic_b, serial_demonic_g, serial_demonic_g,
          serial_demonic_c, serial_demonic_e, serial_demonic_e,
          nicolae_elevator_lobby_asterisk
D:6:      layout_cave_pools, chequers_temple_overflow_minitemple,
          chequers_serial_rivers_room_b, kennysheep_flooded_box, uniq_menkaure
D:7:      layout_rooms, minmay_temple_entry_statues_pillars
D:8:      layout_basic, lemuel_round_altar, kennysheep_little_box, serial_shops,
          nicolae_shop_bloodbath_and_beyond, uniq_pikel, uniq_prince_ribbit1
D:9:      layout_rooms, hex_tiny, minmay_misc_feat_roman
D:10:     layout_long_grid, due_lair_maze_entry_diamond,
          ploomutoo_gammafunk_ghost_potion_laboratory
Lair:1:   statuecave_lemuel, layout_loops_ring, beast_lair_carwin_9
Lair:2:   layout_small_grid, minmay_swamp_entry_reptiles,
          nicolae_snake_entry_squirm, infiniplex_staircase_pool_2,
          uniq_gastronok
Lair:3:   nzn_winding_woodlands_three_and_one
          [nzn_winding_woodlands_5x15_longhouse,
          nzn_winding_woodlands_5x15_split_checker,
          nzn_winding_woodlands_5x15_pool,
          nzn_winding_woodlands_center_diamonds], layout_layer_cave,
          grunt_forest_stairs_basic
Lair:4:   minmay_lair_venomous_thicket, layout_small_grid, slime_entry_2,
          serial_bayou_shore_b, uniq_snorg

Skill      XL: |  1  2  3  4  5  6  7  8  9 10 11 12 |
---------------+-------------------------------------+-----
Stealth        | 3 4 6 8 9 10 | 10.0
Conjurations   | 4 5 6 7 8 |  8.0
Spellcasting   | 3 4 5 6 8 |  8.0
Hexes          | 2 4 6 8 10 | 10.1
Fire Magic     | 1 2 3 4 |  4.0
Dodging        | 3 6 7 10 12 13 | 13.1
Fighting       | 1 4 5 6 8 9 |  9.1
Translocations | 6 7 8 10 | 10.1
Air Magic      | 4 3 |  4.0
Transmutations | 4 |  4.0
Earth Magic    | 2 |  2.0
Evocations     | 4 3 |  4.0
Unarmed Combat | 1 |  1.0

Action                     |  1- 3 |  4- 6 |  7- 9 | 10-12 || total
---------------------------+-------+-------+-------+-------++-------
  Melee: Unarmed           |    23 |     5 |     7 |    46 ||    81
         Bite              |     2 |       |     1 |     9 ||    12
   Cast: Magic Dart        |    36 |   107 |   127 |    77 ||   347
         Searing Ray       |    13 |    31 |    28 |    24 ||    96
         Inner Flame       |       |    10 |    47 |    57 ||   114
         Fulminant Prism   |       |     5 |     9 |    64 ||    78
         Iskenderun's Myst |       |       |     2 |    34 ||    36
         Swiftness         |       |       |       |     2 ||     2
         Stone Arrow       |       |       |       |    80 ||    80
         Sticky Flame      |       |       |       |    39 ||    39
         Passwall          |       |       |       |     3 ||     3
  Evoke: Wand              |       |       |     6 |     9 ||    15
         Lightning rod     |       |       |       |     1 ||     1
    Use: Potion            |     1 |     1 |     2 |     1 ||     5
         Scroll            |       |       |     4 |    16 ||    20
   Stab: Sleeping          |       |     3 |       |     6 ||     9
         Paralysed         |       |       |       |     2 ||     2
 Armour: Skin              |       |     2 |     3 |     9 ||    14
  Dodge: Dodged            |    34 |    34 |    70 |   217 ||   355
  Block: Other             |       |     6 |     8 |       ||    14
         Reflection        |       |       |     1 |       ||     1

Table legend: (Time is in decaauts)
 A = Elapsed time spent in this place.
 B = Non-inter-level travel time spent in this place.
 C = Inter-level travel time spent in this place.
 D = Time resting spent in this place.
 E = Time spent auto-exploring this place.
 F = Levels seen in this place.
 G = Mean time per level.
                   A        B        C        D        E       F      G
               +--------+--------+--------+--------+--------+-----+--------+
         Total |  19982 |  18617 |   1365 |   1686 |  13087 |  14 | 1427.3 |
       Dungeon |  11598 |  10890 |    708 |    310 |   8331 |  10 | 1159.8 |
          Lair |   8383 |   7726 |    657 |   1376 |   4756 |   4 | 2095.8 |
               +--------+--------+--------+--------+--------+-----+--------+

Top non-repeatable levels by time:
  Lair:3: 2778 daAuts
  Lair:1: 2728 daAuts
  Lair:2: 2464 daAuts
     D:4: 1569 daAuts
     D:2: 1432 daAuts
    D:10: 1387 daAuts
     D:5: 1248 daAuts
     D:8: 1204 daAuts
     D:6: 1176 daAuts
     D:1: 985 daAuts
     D:9: 920 daAuts
     D:7: 911 daAuts
     D:3: 762 daAuts
  Lair:4: 412 daAuts
